 Dungeon Crawl Stone Soup version 0.24-a0-762-gca426f5 (webtiles) character file.

Game seed: 13902930057457065765, levelgen mode: deterministic

371 BoppinsLewinski the Skirmisher (level 6, -2/79 HPs)
             Began as a Centaur Fighter on Oct 3, 2019.
             Slain by an ogre
             ... wielding a +0 giant spiked club
              (7 damage)
             ... on level 4 of the Dungeon.
             The game lasted 00:07:23 (3204 turns).

BoppinsLewinski the Skirmisher (Centaur Fighter)    Turns: 3204, Time: 00:07:24

Health: -2/79      AC: 23    Str: 19    XL:     6   Next: 42%
Magic:  6/6        EV:  1    Int:  7    God:
Gold:   96         SH:  4    Dex: 10    Spells: 5/5 levels left

rFire    . . .     SeeInvis .   a - +0 long sword
rCold    . . .     Gourm    .   (no shield)
rNeg     + + +     Faith    .   (armour currently unavailable)
rPois    +         Spirit   .   (helmet currently unavailable)
rElec    .         Reflect  +   (cloak currently unavailable)
rCorr    .         Harm     .   (gloves currently unavailable)
MR       .....     NoTele   +   (no barding)
Stlth    +.........             e - +4 amulet of reflection
HPRegen  0.23/turn              (no ring)
MPRegen  0.10/turn              (no ring)

@: tree-form
A: large
a: no special abilities


You were on level 4 of the Dungeon.
You were near starving.
You were a tree.
You visited 1 branch of the dungeon, and saw 4 of its levels.

You collected 96 gold pieces.

Inventory:

Hand Weapons
 a - a +0 long sword (weapon)
Armour
 b - a +0 scale mail (melded)
Jewellery
 e - a +4 amulet of reflection (around neck)
Scrolls
 c - a scroll of identify
 g - a scroll of fear {unknown}
 h - 2 scrolls of random uselessness {unknown}
 j - 2 scrolls of remove curse {unknown}
 m - a scroll of noise {unknown}
 o - 3 scrolls of enchant weapon {unknown}
 p - a scroll of magic mapping {unknown}
 s - a scroll of teleportation {unknown}
 u - a scroll of enchant armour {unknown}
Potions
 i - a potion of cancellation
 k - a potion of brilliance
 l - 2 potions of curing
 n - a potion of flight {unknown}
 q - a potion of lignification
 t - a potion of berserk rage {unknown}
Comestibles
 f - 4 rations


   Skills:
 + Level 4.4 Fighting
 + Level 3.4 Long Blades
 + Level 3.3 Armour
 + Level 2.2 Dodging
   Level 2.1 Shields


You had 5 spell levels left.
You didn't know any spells.
Your spell library was empty.

Dungeon Overview and Level Annotations

Branches:
Dungeon (4/15)
 Temple: D:4-7

Altars:

Annotations:
D:4 Eustachio


Innate Abilities, Weirdness & Mutations

((You have hooves in place of feet.))
((Armour fits poorly on your strangely shaped body.))
((You cover ground very quickly.))
((You have extremely tough skin. (AC +3)))


Message History

Tha iron imp hits ye but does nay damage.
Tha rat bites ye but does nay damage.
Unknown command.
Unknown command.
Unknown command.
Ye hit tha ogre.
Tha ogre be heavily wounded.
Tha bat completely misses ye.
Tha bat hits ye but does nay damage.
Tha quasit bites ye but does nay damage.
Tha quasit claws ye but does nay damage. x2
Tha rat bites ye but does nay damage.
Tha ogre hits ye wit' a +0 giant spiked club!
* * * LOW HITPOINT WARNIN'
* * * Tha iron imp hits ye but does nay damage.
Ye slash tha ogre!
Tha ogre be almost dead.
Tha quasit disappears in a puff o' smoke!
Tha bat hits ye but does nay damage. x2; Tha rat bites ye but does nay damage.
Tha ogre hits ye wit' a +0 giant spiked club!
Ye die...

....r ....# ....# ...#
...# ##+#@..# #.♣Ob..##
#br5r...# #.5.....#
#%......# ######
#####...###.# #....#
(.........!.# #.##.#
............####.##.#
............##...##.#
......?.....##.####.###


You could see Eustachio, an ogre, 2 iron imps, a quokka, 2 bats and a rat.

Vanquished Creatures
  Grinder (D:3)
  An orc priest (D:3)
  Jessica (D:2)
  A worker ant (D:2)
  An adder (D:4)
  6 worms
  A dart slug (D:2)
  2 leopard geckos (D:2)
  6 orcs (D:3)
  5 giant cockroaches
  7 goblins
  8 hobgoblins
  4 jackals (D:2)
  7 kobolds
  2 quokkas (D:2)
  5 bats
  7 frilled lizards
  7 rats
72 creatures vanquished.

Notes
Turn   | Place    | Note
-------+----------+-------------------------------------------
     0 | D:1      | BoppinsLewinski the Centaur Fighter began the quest for the
                  | Orb.
     0 | D:1      | Reached XP level 1. HP: 19/19 MP: 1/1
     7 | D:1      | Noticed a tengu
     9 | D:1      | Noticed a demigod
     9 | D:1      | Noticed a vine stalker
    11 | D:1      | Noticed a troll
    13 | D:1      | Noticed a naga
    13 | D:1      | Noticed a halfling
    15 | D:1      | Noticed a human
    15 | D:1      | Noticed a formicid
    17 | D:1      | Noticed an octopode
    17 | D:1      | Noticed a felid
    19 | D:1      | Noticed a draconian
    21 | D:1      | Noticed a gargoyle
    21 | D:1      | Noticed a minotaur
    23 | D:1      | Noticed a vampire
    23 | D:1      | Noticed a centaur
    25 | D:1      | Noticed a dwarf
    25 | D:1      | Noticed an elf
    27 | D:1      | Noticed a ghoul
    29 | D:1      | Noticed a spriggan
    29 | D:1      | Noticed a merfolk
    31 | D:1      | Noticed an ogre
    31 | D:1      | Noticed a demonspawn
   125 | D:1      | Reached XP level 2. HP: 17/26 MP: 2/2
   725 | D:2      | Reached XP level 3. HP: 17/31 MP: 3/3
  1007 | D:2      | Noticed Jessica
  1009 | D:2      | Killed Jessica
  1009 | D:2      | Reached skill level 1 in Dodging
  1356 | D:2      | Reached XP level 4. HP: 31/38 MP: 4/4
  2014 | D:3      | Noticed Grinder
  2020 | D:3      | Killed Grinder
  2020 | D:3      | Reached skill level 4 in Fighting
  2020 | D:3      | Reached XP level 5. HP: 42/46 MP: 5/5
  2020 | D:3      | Reached XP level 6. HP: 47/52 MP: 6/6
  3170 | D:4      | Noticed Eustachio
  3204 | D:4      | Slain by an ogre

Levels and vault maps discovered:
D:1:      kb_arrival_jail, layout_rooms, minmay_liquid_box
D:2:      layout_basic, serial_forest, infiniplex_forest_straight_3,
          infiniplex_forest_clump_tiny, infiniplex_forest_corner_1,
          infiniplex_forest_straight_4, infiniplex_forest_corner_1,
          infiniplex_forest_clump_small, infiniplex_forest_lined_3_way,
          uniq_jessica
D:3:      layout_basic, uniq_grinder
D:4:      layout_basic, gup_sewer_entry_pipe, hangedman_decor_slide_cut,
          uniq_eustachio

Skill      XL: |  1  2  3  4 |
---------------+-------------+-----
Long Blades    | 2 3 |  3.4
Dodging        | 1 2 |  2.2
Fighting       | 4 |  4.4
Armour         | 3 |  3.3
Shields        | |  2.1

Action                   |  1- 3 |  4- 6 || total
-------------------------+-------+-------++-------
Melee: Long sword        |   106 |   125 ||   231
       Kick              |    30 |    29 ||    59
  Use: Scroll            |       |     5 ||     5
       Potion            |       |     5 ||     5
  Eat: Chunk             |     1 |     3 ||     4
Armor: Scale mail        |    53 |    56 ||   109
       Skin              |       |    74 ||    74
Dodge: Dodged            |    30 |    62 ||    92
Block: Other             |       |    37 ||    37
       Reflection        |       |     2 ||     2
       Rpst.: Long sword |    13 |    15 ||    28

Table legend:
 A = Non-vault XP
 B = Vault XP
 C = Vault XP percentage of total XP
 D = Non-vault monster count
 E = Vault monster count
 F = Vault count percentage of total count
                 A         B        C        D         E       F
            +---------+---------+-------+---------+---------+-------
      Total |     226 |     304 |  57.4 |      70 |       2 |   2.8
            +---------+---------+-------+---------+---------+-------
        D:1 |      33 |       0 |   0.0 |      22 |       0 |   0.0
        D:2 |      86 |      37 |  30.1 |      24 |       1 |   4.0
        D:3 |      92 |     267 |  74.4 |      22 |       1 |   4.3
        D:4 |      15 |       0 |   0.0 |       2 |       0 |   0.0
            +---------+---------+-------+---------+---------+-------
